 Dungeon Crawl Stone Soup version 0.17-a0-1403-g9df874c (webtiles) character file.

136 urechis the Insei (level 5, -1/27 HPs)
             Began as a Vine Stalker Monk on June 20, 2015.
             Slain by a gnoll
             ... wielding a +3 spear
              (8 damage)
             ... on level 4 of the Dungeon.
             The game lasted 00:03:28 (1693 turns).

urechis the Insei (Vine Stalker Monk)               Turns: 1693, Time: 00:03:28

Health: -1/27      AC:  2    Str: 13    XL:     5   Next: 19%
Magic:  0/6        EV: 13    Int: 10    God:
Gold:   91         SH:  0    Dex: 18    Spells: 0 memorised, 4 levels left

rFire  . . .     SeeInvis .       - Unarmed
rCold  . . .     Clarity  .     a - +0 robe
rNeg   . . .     SustAt   .     (no shield)
rPois  .         Gourm    .     (no helmet)
rElec  .         Spirit   +     (no cloak)
rCorr  .         Warding  .     (no gloves)
rMut   .         Stasis   .     (no boots)
MR     .....                    (no amulet)
Stlth  ++........               (no ring)
                                (no ring)

@: not resistant to hostile enchantments, unstealthy
A: fangs 2, regeneration 1, magic shield, antimagic bite, no device heal 3, rot
immunity
a: no special abilities


You were on level 4 of the Dungeon.
You were very hungry.

You visited 1 branch of the dungeon, and saw 4 of its levels.

You collected 91 gold pieces.

Inventory:

Armour
 a - a +0 robe (worn)
Magical devices
 m - a wand of digging (13)
 p - a wand of polymorph (12)
Scrolls
 c - a scroll of enchant armour {unknown}
 f - a scroll of immolation {unknown}
 g - a scroll of teleportation {unknown}
 h - a scroll of fear {unknown}
 k - 3 scrolls of identify {unknown}
Potions
 d - a potion of lignification {unknown}
 e - 2 potions of curing {unknown}
 i - a potion of haste {unknown}
 j - 2 potions of brilliance {unknown}
 l - a potion of heal wounds {unknown}
 n - a potion of flight {unknown}
 o - a potion of degeneration {unknown}
 q - a potion of berserk rage {unknown}
Comestibles
 b - a bread ration


   Skills:
 - Level 2.6 Fighting
 - Level 2.4 Dodging
 - Level 2.4 Stealth
 + Level 6.3 Unarmed Combat


You had 4 spell levels left.
You didn't know any spells.

Dungeon Overview and Level Annotations

Branches:
Dungeon (4/15)
 Temple: D:4-7

Altars:
Gozag
Okawaru
Trog
Zin

Shops:
D:3 *


Innate Abilities, Weirdness & Mutations

You have extremely sharp teeth.
Your natural rate of healing is unusually fast.
When hurt, damage is shared between your health and your magic reserves.
Your bite disrupts and absorbs the magic of your enemies.
Potions and wands cannot restore your health.
You are immune to rotting.


Message History

The gnoll barely misses you. The gnoll hits you with a club.
The gnoll hits you from afar with an enchanted spear.
You hit the gnoll.
You kill the gnoll!
The gnoll hits you from afar with a spear.
The gnoll misses you.
A rat and an orc come into view.
The gnoll closely misses you. The gnoll hits you with a spear!
Things that are here:
a club; a gnoll corpse The orc shouts!
You hit the gnoll.
The gnoll is severely wounded.
The gnoll misses you.
The gnoll hits you from afar with a spear.
The gnoll hits you with a spear!
* * * LOW HITPOINT WARNING * * *
An orc wizard comes into view. It is wielding a dagger.
The gnoll hits you from afar with an enchanted spear!
You die...

.o .# .o #.# .. ..# #.
#.# #. #.# #r #.#
#.###g###.#######
#...gg)@$........
#.#######..#####
#######..#
.........#############
########..............
###############


You could see 3 gnolls.

Vanquished Creatures
  Jessica (D:2)
  A gnoll (D:4)
  5 adders
  3 giant geckos (D:1)
  5 bats
  A giant cockroach (D:2)
  10 hobgoblins
  3 jackals (D:2)
  3 giant newts
  8 goblins
  7 kobolds
  5 rats
52 creatures vanquished.

Notes
Turn   | Place    | Note
--------------------------------------------------------------
     0 | D:1      | urechis the Vine Stalker Monk began the quest for the Orb.
     0 | D:1      | Reached XP level 1. HP: 11/11 MP: 2/2
   168 | D:1      | Reached XP level 2. HP: 11/16 MP: 1/3
   675 | D:2      | Reached skill level 5 in Unarmed Combat
   675 | D:2      | Reached XP level 3. HP: 15/19 MP: 4/4
   688 | D:2      | Found an iron altar of Okawaru.
   690 | D:2      | Noticed Jessica
   697 | D:2      | Killed Jessica
   697 | D:2      | Reached XP level 4. HP: 19/23 MP: 5/5
   846 | D:2      | Found a bloodstained altar of Trog.
   849 | D:2      | Found an iron altar of Okawaru.
   851 | D:2      | Found a glowing silver altar of Zin.
  1236 | D:3      | Reached skill level 6 in Unarmed Combat
  1363 | D:3      | Reached XP level 5. HP: 16/27 MP: 3/6
  1473 | D:3      | Found an opulent altar of Gozag.
  1473 | D:3      | Found Gozag's Platinum Reserve.
  1693 | D:4      | Slain by a gnoll

Vault maps used:
D:1:      dpeg_arrival_three_bigger_balls, minivault_11
D:2:      grunt_temple_overflow_open, okawaru_trees_2, uniq_jessica
D:3:      nicolae_gozag_zags_fifth_avenue
D:4:      minmay_temple_entry_enclosed_plants, first_bread

Action                   |  1- 3 |  4- 6 || total
-------------------------+-------+-------++-------
Melee: Unarmed           |    55 |    82 ||   137
 Stab: Sleeping          |     2 |     3 ||     5
  Eat: Chunk             |       |     1 ||     1
